 Dungeon Crawl Stone Soup version 0.26-a0-858-gbf766624f9 (webtiles) character file.

Game seed: 13372252442973399618

3971 snackwell the Fighter (level 10, -5/68 HPs)
             Began as a Gargoyle Monk on Nov 24, 2020.
             Was an Elder of Fedhas.
             Slain by an orc warrior
             ... wielding a +0 glaive
              (6 damage)
             ... in a bailey.
             The game lasted 00:25:18 (8931 turns).

snackwell the Fighter (Gargoyle Monk)               Turns: 8931, Time: 00:25:19

Health: -5/68      AC: 21    Str: 18    XL:     10   Next: 22%
Magic:  14/14      EV: 10    Int: 11    God:    Fedhas [****..]
Gold:   508        SH:  5    Dex: 12    Spells: 9/9 levels left

rFire    + . .     SeeInvis .   a - +0 morningstar
rCold    . . .     Faith    .   (no shield)
rNeg     + . .     Spirit   .   h - +2 scale mail {rPois}
rPois    ∞         Reflect  +   q - +0 helmet
rElec    +         Harm     .   A - +1 cloak
rCorr    .         Rampage  .   g - +0 pair of gloves
MR       +....                  (no boots)
Stlth    +.........             u - amulet of reflection
HPRegen  0.21/turn              c - ring of protection from fire
MPRegen  0.14/turn              z - ring of protection from magic

@: no status effects
A: negative energy resistance 1, electricity resistance, unbreathing,
petrification resistance, rot immunity, AC +7
a: Wall of Briars, Grow Ballistomycete, Overgrow, Renounce Religion


You were in a bailey.
You worshipped Fedhas.
Fedhas was greatly pleased with you.
You visited 2 branches of the dungeon, and saw 8 of its levels.
You also visited: Bailey.

You collected 508 gold pieces.

Inventory:

Hand Weapons
 a - a +0 morningstar (weapon)
 b - a +0 vorpal hunting sling
Missiles
 d - 220 stones
 i - 3 sling bullets
 x - 4 poisoned darts (quivered)
 E - 2 boomerangs
Armour
 e - a +0 crystal plate armour
 g - a +0 pair of gloves (worn)
 h - a +2 scale mail of poison resistance (worn)
 q - a +0 helmet (worn)
 A - a +1 cloak (worn)
Jewellery
 c - a ring of protection from fire (left hand)
 k - an uncursed ring of resist corrosion
 o - an uncursed ring of protection from fire
 u - an amulet of reflection (around neck)
 z - a ring of protection from magic (right hand)
Wands
 m - a wand of random effects (19)
 v - a wand of flame (17)
 y - a wand of disintegration (9)
 D - a wand of acid (3)
 H - a wand of polymorph (12)
Scrolls
 j - a scroll of remove curse
 t - 3 scrolls of teleportation
 w - a scroll of immolation
 C - a scroll of fear
 I - a scroll of silence {unknown}
Potions
 f - 3 potions of flight
 l - 2 potions of attraction
 n - 2 potions of haste {unknown}
 p - 2 potions of experience {unknown}
 r - 12 potions of curing
 s - 2 potions of lignification {unknown}
 B - 2 potions of brilliance {unknown}
 F - a potion of degeneration {unknown}
 G - a potion of heal wounds
 J - a potion of might {unknown}


   Skills:
 + Level 10.1 Fighting
 - Level 8.0 Maces & Flails
 + Level 4.2 Throwing
 + Level 5.0 Armour
 - Level 2.4 Dodging
 - Level 2.1 Stealth
 - Level 6.0 Invocations


You had 9 spell levels left.
You didn't know any spells.
Your spell library contained the following spells:

 Spells                   Type           Power        Failure   Level
 Animate Skeleton         Necr           #.....       71%         1
 Apportation              Tloc           #.....       71%         1
 Corona                   Hex            #......      71%         1
 Summon Small Mammal      Summ           #...         71%         1
 Slow                     Hex            #.......     85%         2
 Inner Flame              Hex/Fire       #.......     97%         3
 Portal Projectile        Hex/Tloc       #.....       97%         3
 Cause Fear               Hex            #.........   100%        4
 Leda's Liquefaction      Hex/Erth       #.........   100%        4


Dungeon Overview and Level Annotations

Branches:
Dungeon (7/15)             Temple (1/1) D:4          Bailey (1/1)

Altars:
Ashenzari
Cheibriados
Dithmenos
Elyvilon
Fedhas
Gozag
Hepliaklqana
Kikubaaqudgha
Makhleb
Okawaru
Qazlal
Ru
Sif Muna
Trog
Uskayaw
Vehumet
Wu Jian
Xom
Yredelemnul
Zin
The Shining One

Shops:
D:6 }

Annotations:
D:7 Prince Ribbit


Innate Abilities, Weirdness & Mutations

You are resistant to torment.
Your stone body is resilient. (AC +7)
You are immune to poison.
You resist negative energy. (rN+)
You are resistant to electric shocks. (rElec)
You can survive without breathing.
You are immune to petrification.
You are immune to rotting.


Message History

The orc hits you from afar with a +0 trident.
The orc warrior closely misses you. The orc barely misses you.
The orc hits you from afar with a +0 trident!
* * * LOW HITPOINT WARNING * * *
Unknown command.
You closely miss the orc knight.
The orc knight is severely wounded.
The orc no longer looks unusually strong.
The orc closely misses you. The orc knight closely misses you.
The orc hits you with a +0 war axe.
* * * LOW HITPOINT WARNING * * *
The orc warrior misses you. The orc hits you but does no damage.
You feel better.
The orc warrior no longer looks unusually strong.
The orc hits you but does no damage.
The orc knight hits you with a +0 halberd!!
* * * LOW HITPOINT WARNING * * *
The orc warrior hits you from afar with a +0 glaive.
You die...
Fedhas appreciates your contribution to the ecosystem.

####### ############
##.....## ##........∩.##
#.......######..o.........#
'.......#...)#o.@.........#
'.......'..))oo.o........∩#
'.o.....#...)#o....)))....#
#.......######.....).))...#
##.....## ##))..))).∩.##
####### ############


You could see an orc knight (corroded), an orc warrior (corroded) and 4 orcs.

Vanquished Creatures
  Pikel (D:6)
  A centaur skeleton (D:7)
  A troll (D:6)
  Edmund (D:4)
  2 sky beasts (D:5)
  4 ice beasts
  4 phantoms
  A necrophage (D:6)
  7 orc warriors (Bailey)
  A black bear (D:7)
  4 ogres
  A scorpion (D:6)
  2 howler monkeys
  3 orc priests
  2 bullfrog zombies
  Crazy Yiuf (D:3)
  3 hounds
  An orc wizard (D:5)
  Terence (D:3)
  An iguana (D:6)
  4 worker ants
  Ijyb (D:3)
  A hound zombie (D:5)
  A hound skeleton (D:4)
  A worker ant zombie (D:6)
  5 adders
  4 white imps
  An ufetubus (D:6)
  An adder zombie (D:5)
  3 worms (D:3)
  2 dart slugs
  7 leopard geckos
  35 orcs
  3 ball pythons
  8 bats
  6 giant cockroaches
  5 goblins
  7 hobgoblins
  11 jackals
  9 kobolds
  4 quokkas
  3 frilled lizards
  A jackal zombie (D:5)
  A quokka zombie (D:5)
  3 rats
169 creatures vanquished.

Vanquished Creatures (others)
  3 plants (D:3)
3 creatures vanquished.

Grand Total: 172 creatures vanquished

Notes
Turn   | Place    | Note
-------+----------+-------------------------------------------
     0 | D:1      | snackwell the Gargoyle Monk began the quest for the Orb.
     0 | D:1      | Reached XP level 1. HP: 14/14 MP: 1/1
   435 | D:1      | Reached XP level 2. HP: 14/19 MP: 2/2
  1179 | D:2      | Reached skill level 4 in Fighting
  1179 | D:2      | Reached XP level 3. HP: 14/24 MP: 3/3
  1661 | D:2      | Reached XP level 4. HP: 30/30 MP: 4/4
  1897 | D:2      | Found a burning altar of Makhleb.
  1983 | D:2      | Found a hide-covered altar of Uskayaw.
  2076 | D:3      | Noticed Ijyb
  2084 | D:3      | Killed Ijyb
  2166 | D:3      | Noticed a phantom
  2197 | D:3      | Killed a phantom
  2198 | D:3      | Reached skill level 5 in Fighting
  2198 | D:3      | Reached XP level 5. HP: 21/35 MP: 5/5
  2422 | D:3      | Noticed Terence
  2445 | D:3      | Killed Terence
  2446 | D:3      | Reached skill level 5 in Maces & Flails
  2446 | D:3      | Reached XP level 6. HP: 40/40 MP: 6/6
  2676 | D:3      | Found a radiant altar of Vehumet.
  2857 | D:3      | Found an iron altar of Okawaru.
  2901 | D:3      | Noticed a phantom
  2924 | D:3      | Killed a phantom
  2925 | D:3      | Reached skill level 6 in Fighting
  3148 | D:3      | Found a runed translucent door.
  3149 | D:3      | Noticed Crazy Yiuf
  3156 | D:3      | Killed Crazy Yiuf
  3402 | D:4      | Found a staircase to the Ecumenical Temple.
  3411 | Temple   | Entered the Ecumenical Temple
  3653 | Temple   | Became a worshipper of Fedhas Madash
  3653 | Temple   | Reached * piety under Fedhas
  3653 | Temple   | Reached ** piety under Fedhas
  3787 | D:4      | Noticed Edmund
  3805 | D:4      | Killed Edmund
  3806 | D:4      | Reached skill level 1 in Invocations
  3806 | D:4      | Reached XP level 7. HP: 41/47 MP: 6/8
  4532 | D:4      | Found a glowing golden altar of the Shining One.
  4583 | D:5      | Entered Level 5 of the Dungeon
  4994 | D:5      | Reached skill level 7 in Fighting
  5194 | D:5      | Reached XP level 8. HP: 46/53 MP: 10/10
  6416 | D:5      | Found a sacrificial altar of Ru.
  6436 | D:5      | Reached *** piety under Fedhas
  6582 | D:5      | Reached skill level 8 in Fighting
  7279 | D:6      | Found a snail-covered altar of Cheibriados.
  7445 | D:6      | Reached skill level 5 in Invocations
  7457 | D:6      | Noticed a troll
  7464 | D:6      | Killed a troll
  7465 | D:6      | Reached XP level 9. HP: 60/60 MP: 11/13
  7656 | D:6      | Reached skill level 1 in Armour
  7684 | D:6      | Reached skill level 1 in Throwing
  7717 | D:6      | Noticed Pikel
  7733 | D:6      | Killed Pikel
  7734 | D:6      | Reached skill level 9 in Fighting
  8053 | D:6      | Found Uzithuo's Gadget Emporium.
  8264 | D:7      | Noticed Prince Ribbit
  8353 | D:7      | Reached XP level 10. HP: 56/68 MP: 14/14
  8358 | D:7      | Found a flagged portal.
  8367 | Bailey   | Entered a bailey
  8430 | Bailey   | Reached skill level 10 in Fighting
  8433 | Bailey   | Reached **** piety under Fedhas
  8725 | Bailey   | Reached skill level 5 in Armour
  8886 | Bailey   | Noticed an orc knight
  8931 | Bailey   | HP: 1/68 [orc knight/+0 halberd (20)]
  8931 | Bailey   | Slain by an orc warrior

Illustrated notes

Levels and vault maps discovered:
D:1:      dpeg_arrival_water_fire, layout_basic
D:2:      layout_loops_ring, lightli_temple_of_fire, lemuel_round_altar
D:3:      layout_loops_ring, okawaru_ov_weapons_minmay, vehumet_crystals,
          serial_bayou_lagoon_a, skrybe_limestone_x, st_stairs_7, minivault_19,
          uniq_ijyb, uniq_terence, uniq_crazy_yiuf_cottage
D:4:      layout_gridville, kennysheep_mini_moat,
          minmay_temple_entry_water_ring, uniq_edmund
D:5:      layout_layer_cave, nicolae_ru_great_annihilating_truth,
          roderic_cross_of_infinity, grunt_ministairs_7, dk_vineyard_3
D:6:      minmay_opposing_rooms, layout_loops_corners,
          overflow_temple_1_default, serial_shops, nicolae_shop_crystal,
          uniq_pikel
D:7:      layout_basic, enter_bailey_2, basic_altar, uniq_prince_ribbit1,
          uniq_duvessa
Temple:   eino_temple_water
Bailey:   bailey_polearm_5, bailey

Skill      XL: |  1  2  3  4  5  6  7  8  9 10 |
---------------+-------------------------------+-----
Fighting       | 4 5 6 7 8 9 10 | 10.1
Maces & Flails | 4 5 6 7 8 |  8.0
Invocations    | 1 3 5 6 |  6.0
Armour         | 4 5 |  5.0
Throwing       | 3 4 |  4.2
Dodging        | |  2.4
Stealth        | |  2.1

Action                   |  1- 3 |  4- 6 |  7- 9 | 10-12 || total
-------------------------+-------+-------+-------+-------++-------
Melee: Mace              |   118 |    96 |       |       ||   214
       Flail             |       |    89 |    96 |       ||   185
       Morningstar       |       |       |   293 |    91 ||   384
Throw: Stone             |     8 |     2 |       |       ||    10
       Dart              |       |     7 |     8 |       ||    15
Invok: Wall of Briars    |       |       |     1 |       ||     1
Evoke: Wand              |       |     1 |     2 |    11 ||    14
  Use: Scroll            |       |     6 |     7 |       ||    13
       Potion            |       |       |       |     5 ||     5
 Stab: Sleeping          |     4 |       |       |       ||     4
       Invisible         |       |       |     1 |       ||     1
       Paralysed         |       |       |     1 |       ||     1
Armor: Robe              |    41 |       |       |       ||    41
       Ring mail         |     6 |    29 |       |       ||    35
       Scale mail        |       |    52 |   205 |    88 ||   345
       Skin              |       |     1 |       |       ||     1
Dodge: Dodged            |    97 |   110 |   175 |   106 ||   488
Block: Other             |       |     2 |    81 |    41 ||   124
       Reflection        |       |       |     4 |       ||     4

Table legend: (Time is in decaauts)
 A = Elapsed time spent in this place.
 B = Non-inter-level travel time spent in this place.
 C = Inter-level travel time spent in this place.
 D = Time resting spent in this place.
 E = Time spent auto-exploring this place.
 F = Levels seen in this place.
 G = Mean time per level.
                   A        B        C        D        E       F      G
               +--------+--------+--------+--------+--------+-----+--------+
         Total |   9074 |   8677 |    397 |   1413 |   5121 |   9 | 1008.2 |
       Dungeon |   8240 |   7861 |    379 |   1108 |   4918 |   7 | 1177.1 |
        Temple |    261 |    243 |     18 |      0 |    203 |   1 |  261.0 |
        Bailey |    571 |    571 |      0 |    305 |      0 |   1 |  571.0 |
               +--------+--------+--------+--------+--------+-----+--------+

Top non-repeatable levels by time:
     D:5: 1880 daAuts
     D:4: 1693 daAuts
     D:3: 1351 daAuts
     D:6: 1186 daAuts
     D:1: 1120 daAuts
     D:2: 945 daAuts
  Bailey: 571 daAuts
  Temple: 261 daAuts
     D:7: 63 daAuts
